 Dungeon Crawl Stone Soup version 0.27-a0-1136-g0b992a5a9d (webtiles) character file.

Game seed: 7828772607313582595

175 flotson the Covert (level 5, 47/47 HPs)
             Began as a Gnoll Delver on May 6, 2021.
             Was an Initiate of Gozag.
             Quit the game on level 3 of the Dungeon.
             The game lasted 00:04:42 (3235 turns).

flotson the Covert (Gnoll Delver)                   Turns: 3235, Time: 00:04:43

Health: 47/47      AC:  5    Str: 12    XL:     5   Next: 55%
Magic:  7/7        EV: 11    Int:  9    God:    Gozag
Gold:   67         SH:  4    Dex: 14    Spells: 7/7 levels left

rFire    . . .     SeeInvis .   a - +1 dagger (speed)
rCold    . . .     Faith    .   n - +0 buckler
rNeg     . . .     Spirit   .   w - +0 ring mail
rPois    .         Reflect  .   (no helmet)
rElec    .         Harm     .   (no cloak)
rCorr    .         Rampage  .   (no gloves)
Will     .....                  (no boots)
Stlth    ++++......             (no amulet)
HPRegen  0.15/turn              (no ring)
MPRegen  0.10/turn              (no ring)

@: no status effects
A: fangs 1, strong nose, distributed training
a: Renounce Religion, Potion Petition, Call Merchant, Bribe Branch


You were on level 3 of the Dungeon.
You worshipped Gozag.
Gozag was noncommittal.
You visited 2 branches of the dungeon, and saw 6 of its levels.

You collected 169 gold pieces.
You paid 102 gold pieces to Gozag.

Inventory:

Hand Weapons
 a - a +1 dagger of speed (weapon)
 b - a +0 hunting sling
 p - a +0 spear
Missiles
 i - 7 poisoned darts (quivered)
 j - 8 boomerangs
 r - 105 stones
Armour
 l - a +0 chain mail
 m - a +0 leather armour
 n - a +0 buckler (worn)
 w - a +0 ring mail (worn)
Jewellery
 s - a ring of ice
Wands
 g - a wand of digging (3)
Scrolls
 c - a scroll of fog
 d - 2 scrolls of magic mapping
 e - a scroll of fear
 k - a scroll of amnesia {unknown}
 q - 2 scrolls of teleportation {unknown}
 t - 2 scrolls of identify {unknown}
 u - a scroll of holy word {unknown}
 x - a scroll of noise {unknown}
 y - a scroll of enchant weapon {unknown}
Potions
 f - a potion of haste
 h - a potion of brilliance {unknown}
 o - 3 potions of curing {unknown}
 v - a potion of flight {unknown}
 z - a potion of degeneration {unknown}


   Skills:
 + Level 6.7 Fighting
 + Level 1.5 Short Blades
 + Level 1.5 Long Blades
 + Level 1.5 Axes
 + Level 1.5 Maces & Flails
 + Level 4.8 Polearms
 + Level 1.5 Staves
 + Level 1.5 Slings
 + Level 1.5 Bows
 + Level 1.5 Crossbows
 + Level 1.5 Throwing
 + Level 1.5 Armour
 + Level 4.8 Dodging
 + Level 9.6 Stealth
 + Level 1.5 Shields
 + Level 1.5 Unarmed Combat
 + Level 1.5 Spellcasting
 + Level 1.2 Conjurations
 + Level 1.2 Hexes
 + Level 1.2 Summonings
 + Level 1.2 Necromancy
 + Level 1.2 Translocations
 + Level 1.2 Transmutations
 + Level 1.2 Fire Magic
 + Level 1.2 Ice Magic
 + Level 1.2 Air Magic
 + Level 1.2 Earth Magic
 + Level 1.2 Poison Magic
 + Level 1.7 Invocations
 + Level 1.5 Evocations


You had 7 spell levels left.
You didn't know any spells.
Your spell library contained the following spells:

 Spells                   Type           Power      Damage    Failure   Level
 Animate Skeleton         Necr           4%         N/A       54%         1
 Apportation              Tloc           4%         N/A       54%         1
 Corona                   Hex            2%         N/A       54%         1
 Summon Small Mammal      Summ           8%         N/A       54%         1


Dungeon Overview and Level Annotations

Branches:
Dungeon (5/15)             Temple (1/1) D:5

Altars:
Ashenzari
Cheibriados
Gozag
Makhleb
Nemelex Xobeh
Okawaru
Yredelemnul

Shops:
D:1 =


Innate Abilities, Weirdness & Mutations

You have very sharp teeth.
Your uncanny sense of smell can sniff out nearby items.
Your experience applies equally to all skills.


Message History

No target in view!
No target in view!
No target in view!
No target in view!
No target in view!
r - 86 stones (gained 1)
You see here a giant cockroach corpse.
You see here a giant cockroach corpse.
r - 89 stones (gained 3)
r - 95 stones (gained 6)
r - 96 stones (gained 1)
r - 98 stones (gained 2)
r - 99 stones (gained 1)
r - 100 stones (gained 1)
r - 101 stones (gained 1)
r - 102 stones (gained 1)
r - 103 stones (gained 1)
r - 104 stones (gained 1)
d - 2 scrolls of magic mapping (gained 1)
You now have 161 gold pieces (gained 12).
r - 105 stones (gained 1)
Things that are here:
a +0 hand axe; an orc corpse You now have 169 gold pieces (gained 8).
You see here a giant cockroach corpse.
Things that are here:
a giant cockroach corpse; a giant cockroach corpse
There is an open door here.
y - a scroll labelled ZIURUM CYVUYG You open the door.
Found an opulent altar of Gozag and a sparkling altar of Nemelex Xobeh.
There is an open door here.
There is an opulent altar of Gozag here.
You kneel at the altar of Gozag.
You have lost your religion!
Okawaru does not appreciate desertion!
Gozag welcomes you!
You pay a service fee of 102 gold.
Done exploring.
Are you sure you want to abandon this character and quit the game? (Confirm with "yes".)

#.....##......(............##
#####.....##..#..............#...
..........##..#.)................
..........##..#.....#............
..........#####'###.#............
..........###.....##............#
......######...8...##............
......# #.........##########.##
......# #.⌠._.@.⌠.##########.#.
......# #.........#..........#.
####### ##...8...#############.
##.....## #. ######## #. #.# #.
#.# #. #.# #.
#.###################.


There were no monsters in sight!

Vanquished Creatures
  A bullfrog skeleton (D:5)
  An iguana (D:2)
  4 adders
  A worm (D:2)
  2 dart slugs (D:1)
  3 orcs (D:3)
  4 ball pythons
  3 bats (D:1)
  10 endoplasms
  17 giant cockroaches
  3 goblins
  5 hobgoblins
  3 jackals
  5 frilled lizards
  A kobold (D:4)
  6 rats
69 creatures vanquished.

Notes
Turn   | Place    | Note
-------+----------+-------------------------------------------
     0 | D:5      | Reached skill level 9 in Stealth
     0 | D:5      | flotson the Gnoll Delver began the quest for the Orb.
     0 | D:5      | Reached XP level 1. HP: 23/23 MP: 1/1
     6 | D:5      | Found a staircase to the Ecumenical Temple.
    51 | Temple   | Entered the Ecumenical Temple
    66 | Temple   | Became a worshipper of Warmaster Okawaru
   130 | D:5      | Reached XP level 2. HP: 21/29 MP: 2/2
   130 | D:5      | Reached XP level 3. HP: 25/35 MP: 3/3
   613 | D:2      | Reached skill level 1 in Invocations
   639 | D:1      | Found Ituujec's Jewellery Boutique.
   791 | D:1      | Reached skill level 1 in Short Blades
   791 | D:1      | Reached skill level 1 in Long Blades
   791 | D:1      | Reached skill level 1 in Axes
   791 | D:1      | Reached skill level 1 in Maces & Flails
   791 | D:1      | Reached skill level 1 in Staves
   791 | D:1      | Reached skill level 1 in Slings
   791 | D:1      | Reached skill level 1 in Bows
   791 | D:1      | Reached skill level 1 in Crossbows
   791 | D:1      | Reached skill level 1 in Throwing
   791 | D:1      | Reached skill level 1 in Armour
   791 | D:1      | Reached skill level 1 in Shields
   791 | D:1      | Reached skill level 1 in Unarmed Combat
   791 | D:1      | Reached skill level 1 in Spellcasting
   791 | D:1      | Reached skill level 1 in Evocations
   833 | D:1      | Found a faded altar of an unknown god.
   888 | D:1      | Reached XP level 4. HP: 41/41 MP: 5/5
  1569 | D:2      | Reached skill level 1 in Conjurations
  1569 | D:2      | Reached skill level 1 in Hexes
  1569 | D:2      | Reached skill level 1 in Summonings
  1569 | D:2      | Reached skill level 1 in Necromancy
  1569 | D:2      | Reached skill level 1 in Translocations
  1569 | D:2      | Reached skill level 1 in Transmutations
  1569 | D:2      | Reached skill level 1 in Fire Magic
  1569 | D:2      | Reached skill level 1 in Ice Magic
  1569 | D:2      | Reached skill level 1 in Air Magic
  1569 | D:2      | Reached skill level 1 in Earth Magic
  1569 | D:2      | Reached skill level 1 in Poison Magic
  1830 | D:2      | Reached XP level 5. HP: 47/47 MP: 6/6
  3228 | D:3      | Found an opulent altar of Gozag.
  3228 | D:3      | Found a sparkling altar of Nemelex Xobeh.
  3234 | D:3      | Fell from the grace of Okawaru
  3234 | D:3      | Became a worshipper of Gozag Ym Sagoz the Greedy
  3235 | D:3      | Quit the game

Illustrated notes

Levels and vault maps discovered:
D:1:      psy_arrival_statuary, layout_basic, serial_shops, shop,
          hellmonk_ecumenical_altar_blasted
D:2:      layout_basic, minivault_23, minmay_tripent
D:3:      minmay_roachtagon, layout_basic, grunt_temple_overflow_opulence,
          minmay_distorted
D:4:      layout_rooms, lemuel_round_altar, gammafunk_ghost_abyssal_escape,
          grunt_decor_resistance, kennysheep_path_1, hangedman_decor_peaks_small
D:5:      layout_loops_ring, minmay_temple_entry_large_hall,
          hangedman_abyss_or_decor_stabs, minivault_19,
          hangedman_decor_clover_reticule
Temple:   zaba_magenta_temple

Skill      XL: |  1  2  3  4 |
---------------+-------------+-----
Stealth        | |  9.6
Invocations    | 1 |  1.7
Short Blades   | 1 |  1.5
Long Blades    | 1 |  1.5
Axes           | 1 |  1.5
Maces & Flails | 1 |  1.5
Staves         | 1 |  1.5
Slings         | 1 |  1.5
Bows           | 1 |  1.5
Crossbows      | 1 |  1.5
Throwing       | 1 |  1.5
Armour         | 1 |  1.5
Shields        | 1 |  1.5
Unarmed Combat | 1 |  1.5
Spellcasting   | 1 |  1.5
Evocations     | 1 |  1.5
Conjurations   | 1 |  1.2
Hexes          | 1 |  1.2
Summonings     | 1 |  1.2
Necromancy     | 1 |  1.2
Translocations | 1 |  1.2
Transmutations | 1 |  1.2
Fire Magic     | 1 |  1.2
Ice Magic      | 1 |  1.2
Air Magic      | 1 |  1.2
Earth Magic    | 1 |  1.2
Poison Magic   | 1 |  1.2
Fighting       | |  6.7
Polearms       | |  4.8
Dodging        | |  4.8

Action                   |  1- 3 |  4- 6 || total
-------------------------+-------+-------++-------
Melee: Spear             |   101 |       ||   101
       Bite              |     3 |     3 ||     6
       Dagger            |     2 |    24 ||    26
 Fire: Hunting sling     |     4 |   156 ||   160
Throw: Dart              |     1 |       ||     1
 Stab: Sleeping          |     3 |       ||     3
Armor: Chain mail        |    47 |    13 ||    60
       Leather armour    |     1 |       ||     1
       Ring mail         |       |    19 ||    19
Dodge: Dodged            |    34 |    36 ||    70
Block: Buckler           |    10 |    14 ||    24

Table legend: (Time is in decaauts)
 A = Elapsed time spent in this place.
 B = Non-inter-level travel time spent in this place.
 C = Inter-level travel time spent in this place.
 D = Time resting spent in this place.
 E = Time spent auto-exploring this place.
 F = Levels seen in this place.
 G = Mean time per level.
                   A        B        C        D        E       F      G
               +--------+--------+--------+--------+--------+-----+--------+
         Total |   3246 |   3058 |    188 |    188 |   2336 |   6 |  541.0 |
       Dungeon |   3216 |   3044 |    172 |    188 |   2329 |   5 |  643.2 |
        Temple |     30 |     15 |     15 |      0 |      7 |   1 |   30.0 |
               +--------+--------+--------+--------+--------+-----+--------+

Top non-repeatable levels by time:
     D:2: 1186 daAuts
     D:3: 1045 daAuts
     D:1: 659 daAuts
     D:5: 190 daAuts
     D:4: 133 daAuts
  Temple: 30 daAuts
